Map: [ESL] Alcyone

Players

Cham - Winner!

  • Race: Zerg Zerg

eGGz

  • Race: Zerg Zerg

Event: ESL SC2 Masters 2023 Winter (Regional)

VOD

Have the link to the VOD?

Description

Time

  • Played on: Oct. 26, 2023, 4 p.m.
  • Length: 9:38

All games in this series

Show
View Real Time Build Order
Export as new Build Order

Cham Zerg - Winner!

Build Orders: Hatch First 

Get SALT Encoding   

  12  0:00  Drone  
  13  0:13  Overlord  
  13  0:17  Drone  
  14  0:31  Drone x2  
  16  0:50  Hatchery  
  16  0:52  Drone  
  16  0:55  Drone  
  17  0:57  Drone  
  18  1:12  Spawning Pool  
  18  1:14  Extractor  
  18  1:16  Drone  
  17  1:20  Drone  
  18  1:28  Drone  
  19  1:40  Drone  
  20  1:49  Overlord  
  20  1:58  Queen  
  22  2:01  Queen  
  22  2:02  Drone x2  
  26  2:11  Drone  
  26  2:14  Drone  
  28  2:22  Drone  
  29  2:24  Drone  
  30  2:33  Hatchery  
  29  2:41  Drone  
  29  2:42  Overlord  
  29  2:43  Evolution Chamber  
  29  2:49  Roach Warren  
  28  2:52  Drone  
  28  2:54  Drone  
  28  2:56  Drone  
  31  3:00  Drone  
  32  3:08  Zerg Missile Weapons Level 1  
  32  3:09  Drone x2  
  32  3:10  Drone  
  32  3:12  Drone  
  36  3:14  Drone  
  36  3:16  Drone  
  38  3:20  Drone  
  38  3:22  Overlord  
  38  3:25  Drone  
  40  3:27  Drone  
  40  3:32  Lair  
  41  3:42  Overlord  
  41  3:44  Drone x5  
  41  3:48  Extractor  
  45  3:50  Extractor  
  45  3:51  Evolution Chamber  
  45  3:53  Roach  
  45  3:56  Roach x2  
  45  4:01  Overlord  
  45  4:02  Drone  
  50  4:04  Roach  
  50  4:06  Roach  
  50  4:08  Drone  
  50  4:09  Drone  
  56  4:11  Drone  
  56  4:16  Overlord  
  57  4:17  Spore Crawler  
  57  4:18  Roach  
  57  4:22  Roach  
  61  4:24  Ravager  
  61  4:27  Roach  
  61  4:28  Roach  
  61  4:30  Roach  
  64  4:38  Roach  
  64  4:39  Roach x2  
  64  4:41  Roach  
  64  4:42  Overlord  
  72  4:46  Overlord  
  72  4:49  Overseer  
  72  4:53  Queen  
  74  5:00  Overlord x2  
  74  5:08  Drone x4  
  78  5:17  Drone, Overlord  
  78  5:19  Drone x2  
  81  5:22  Roach x2  
  81  5:26  Drone  
  81  5:28  Roach x2  
  90  5:38  Extractor, Overlord  
  90  5:39  Overlord  
  89  5:44  Overlord  
  89  5:49  Roach  
  95  5:53  Roach x2  
  101  5:58  Roach  
  101  6:02  Roach x3  
  101  6:03  Roach  
  105  6:09  Roach Warren  
  104  6:13  Roach x2  
  104  6:16  Roach x2  
  104  6:17  Overlord  
  112  6:20  Roach  
  112  6:22  Roach  
  116  6:27  Roach  
  116  6:28  Roach  
  116  6:31  Roach  
  122  6:36  Zergling x4  
  124  6:40  Queen  
  126  6:47  Overlord  
  126  6:48  Glial Reconstitution  
  126  6:50  Roach  
  126  6:53  Roach  
  130  6:55  Evolution Chamber  
  130  6:57  Roach  
  130  6:58  Overlord x2  
  130  7:02  Roach  
  130  7:03  Overlord  
  132  7:13  Overlord  
  132  7:16  Overlord  
  132  7:21  Zerg Missile Weapons Level 2  
  131  7:24  Roach x5  
  131  7:29  Ravager  
  142  7:35  Roach  
  142  7:36  Roach  
  146  7:38  Roach x2  
  146  7:39  Roach  
  152  7:47  Roach  
  152  7:48  Overlord  
  154  7:53  Hatchery  
  154  7:56  Roach x2  
  154  7:57  Roach  
  161  7:58  Roach  
  161  8:02  Overlord  
  161  8:07  Roach x2  
  161  8:09  Roach  
  167  8:13  Roach x2  
  171  8:22  Overlord  
  171  8:24  Roach  
  173  8:34  Roach x3  
  173  8:35  Roach  
  173  8:36  Roach x3  
  189  8:41  Roach  
  189  8:54  Roach x2  
  189  9:01  Roach x5  
  150  9:12  Roach x3  
  150  9:13  Roach x2  
  146  9:21  Drone x2  
Show
View Real Time Build Order
Export as new Build Order

eGGz Zerg 

Build Orders: Hatch First 

Get SALT Encoding   

  12  0:00  Drone  
  13  0:12  Overlord  
  13  0:17  Drone  
  14  0:31  Drone  
  14  0:32  Drone  
  14  0:34  Drone  
  17  0:51  Hatchery  
  17  0:54  Drone  
  17  1:08  Spawning Pool  
  17  1:10  Drone  
  17  1:16  Drone  
  18  1:32  Drone  
  19  1:37  Drone  
  20  1:48  Overlord  
  20  1:55  Queen  
  20  2:00  Extractor  
  21  2:01  Extractor, Drone x2  
  21  2:04  Drone, Queen  
  25  2:12  Drone  
  26  2:15  Drone  
  26  2:21  Drone  
  28  2:26  Drone  
  29  2:32  Drone  
  29  2:36  Drone  
  31  2:39  Queen  
  31  2:43  Overlord  
  33  2:48  Metabolic Boost  
  33  2:49  Drone  
  34  2:54  Drone  
  35  3:02  Drone  
  36  3:06  Drone x2  
  36  3:07  Roach Warren, Evolution Chamber  
  36  3:10  Drone  
  36  3:11  Drone x2  
  39  3:12  Overlord  
  39  3:18  Zergling x4  
  41  3:21  Zergling x2  
  41  3:25  Zergling x2  
  43  3:35  Zerg Ground Armor Level 1  
  43  3:42  Hatchery  
  43  3:45  Zergling x2  
  43  3:46  Zergling x2  
  45  3:48  Zergling x2  
  45  3:51  Zergling x2  
  45  3:52  Zergling x2  
  47  3:56  Overlord  
  47  3:58  Drone  
  47  4:00  Drone  
  47  4:02  Zergling x2  
  50  4:06  Zergling x4  
  52  4:10  Overlord  
  52  4:14  Overlord  
  52  4:24  Roach x3  
  59  4:31  Roach x3  
  59  4:36  Roach  
  59  4:38  Overlord  
  63  4:42  Roach  
  63  4:44  Roach  
  67  4:47  Roach  
  69  4:53  Roach x2  
  69  4:55  Drone  
  74  5:01  Roach x2  
  74  5:05  Ravager x2  
  80  5:08  Roach  
  80  5:11  Drone x2  
  80  5:14  Roach  
  86  5:17  Overlord  
  86  5:22  Overlord  
  85  5:33  Zergling x8  
  85  5:34  Overlord  
  89  5:35  Overlord  
  89  5:38  Zergling x4  
  91  5:43  Zergling x6  
  91  5:44  Zergling x2  
  91  5:45  Zergling x2  
  91  5:48  Zergling x4  
  98  5:55  Zergling x4  
  100  5:58  Zergling x2  
  100  6:00  Zergling x6  
  104  6:04  Lair  
  104  6:11  Ravager x2  
  106  6:13  Zerg Missile Weapons Level 1  
  106  6:14  Drone  
  106  6:15  Drone x3  
  106  6:17  Drone  
  111  6:23  Drone  
  111  6:31  Overlord  
  109  6:34  Zergling x12  
  114  6:46  Roach x2  
  114  6:47  Roach  
  115  6:49  Queen  
  115  6:54  Roach x2  
  121  6:57  Roach  
  120  7:02  Roach x3  
  120  7:08  Extractor x2, Drone  
  122  7:09  Drone x3  
  122  7:12  Drone x2  
  122  7:15  Drone  
  124  7:23  Roach x2  
  124  7:26  Glial Reconstitution  
  124  7:29  Zergling x6  
  130  7:30  Overlord  
  130  7:33  Overlord  
  130  7:36  Overlord  
  125  7:38  Overlord  
  127  7:44  Roach  
  127  7:48  Overlord  
  127  7:49  Drone x7  
  134  7:54  Overlord  
  134  7:58  Roach x4  
  142  8:02  Roach  
  144  8:09  Roach x2  
  144  8:12  Extractor x2, Drone  
  147  8:19  Roach x2  
  153  8:20  Roach  
  153  8:23  Roach x3  
  153  8:24  Roach  
  161  8:27  Roach  
  161  8:31  Roach x2  
  162  8:35  Roach x2  
  162  8:40  Roach  
  162  8:41  Roach x2  
  172  8:44  Roach  
  174  8:49  Roach x2  
  174  8:52  Overlord  
  138  9:03  Roach x7  
  138  9:08  Roach x2  
  124  9:10  Overlord  
  124  9:13  Roach  
  124  9:14  Roach  
Tags
 
Add a new tag
Caveats
  • Supply blocks, unpowered buildings, or Contaminate may cause inaccurate times.
  • Supply counts are checked every 10 seconds.